 Dungeon Crawl Stone Soup version 0.29.0-4-gdea44cf6ec (webtiles) character file.

Game seed: 12227741250752305467

252 qw the Chopper (level 6, -1/38 HPs)
             Began as a Gargoyle Berserker on Sept 4, 2022.
             Was a Believer of Trog.
             Slain by a hound (4 damage)
             ... on level 4 of the Dungeon.
             The game lasted 00:01:32 (4693 turns).

qw the Chopper (Gargoyle Berserker)                 Turns: 4693, Time: 00:01:32

Health: -1/38      AC: 17    Str: 22    XL:     6   Next: 14%
Magic:  6/6        EV:  8    Int:  8    God:    Trog [**....]
Gold:   184        SH:  0    Dex:  9    Spells: 5/5 levels left

rFire   . . .      SeeInvis +   Y - +2 war axe
rCold   . . .      Faith    .   (no shield)
rNeg    + . .      Spirit   .   k - +0 chain mail
rPois   inf        Reflect  .   (no helmet)
rElec   +          Harm     .   (no cloak)
rCorr   .          Rampage  .   m - +2 pair of gloves
Will    +....                   c - +0 pair of boots
Stlth   ..........              (no amulet)
HPRegen 0.12/turn               g - ring of willpower
MPRegen 0.10/turn               (no ring)

@: weakened, on berserk cooldown, slowed, very slow
A: sickness immunity, AC +4, negative energy resistance 1, electricity
resistance, torment resistance 1, petrification resistance, see invisible
a: Renounce Religion, Berserk, Trog's Hand


You were on level 4 of the Dungeon.
You worshipped Trog.
Trog was pleased with you.
You visited 1 branch of the dungeon, and saw 4 of its levels.

You collected 184 gold pieces.


Innate Abilities, Weirdness & Mutations

You are immune to sickness and miasma.
Your stone body is resilient. (AC +4)
You are immune to poison.
You resist negative energy. (rN+)
You are resistant to electric shocks. (rElec)
You are resistant to unholy torment.
You are immune to petrification.
You have supernaturally acute eyesight. (SInv)


   Skills:
 - Level 4.0 Fighting
 + Level 5.5 Axes
 - Level 3.0 Armour
 - Level 1.5 Dodging


You had 5 spell levels left.
You didn't know any spells.
Your spell library was empty.

Inventory:

Hand Weapons
 l - a +0 flail
 Y - a +2 war axe (weapon)
Armour
 c - a +0 pair of boots (worn)
 k - a +0 chain mail (worn)
 m - a +2 pair of gloves (worn)
Jewellery
 g - a ring of willpower (left hand)
Scrolls
 b - 2 scrolls of identify
Potions
 a - a potion of haste {unknown}
 e - a potion of lignification {unknown}
 h - 2 potions of mutation
 i - a potion of cancellation {unknown}
 j - a potion of attraction {unknown}

Dungeon Overview and Level Annotations

Branches:
Dungeon (4/15)
 Temple: D:4-7

Altars:
Trog

Annotations:
D:3 1 runed translucent door, Crazy Yiuf


Message History

The gnoll bouda is heavily wounded.
You miss the hound. The hound bites you but does no damage.
The gnoll bouda completely misses you. The hound bites you but does no damage.
The gnoll completely misses you.
The gnoll bouda hits you but does no damage.
The hound barely misses you.
You closely miss the gnoll bouda.
The gnoll bouda is heavily wounded.
You closely miss the hound.
Your attacks no longer feel as feeble.
The hound closely misses you. The gnoll hits you but does no damage.
The gnoll bouda hits you with a +0 club.
The hound bites you but does no damage. The gnoll hits you but does no damage.
The gnoll bouda completely misses you.
You barely miss the gnoll bouda.
The gnoll bouda is heavily wounded.
You hit the hound. The hound bites you but does no damage.
The gnoll hits you but does no damage. The hound barely misses you.
The gnoll bouda hits you with a +0 club.
The gnoll hits you but does no damage. The hound bites you but does no damage.
The gnoll bouda hits you but does no damage.
You hit the gnoll bouda.
The gnoll bouda is almost dead.
You miss the hound. The hound bites you but does no damage.
The gnoll hits you from afar with a +0 spear.
The hound bites you.
The gnoll bouda gazes fiercely through you!
You feel your attacks grow feeble.
The gnoll bouda hits you with a +0 club.
The gnoll closely misses you. The hound barely misses you.
You slash the gnoll bouda!
You kill the gnoll bouda!
Trog accepts your kill.
You hit the hound. The hound bites you.
The gnoll hits you from afar with a +0 spear!
The hound bites you.
You die...

#......#
#......#
#...$..# ......#
.....#### ..
#.......# ...
#.......#
.....###)......#
......g@.......#
.....g##h......#
...............#
.....###.>.....#
.(.
#.......#######
..
##..##........#
#
#.%###...###.###
#..#####........
.........#..##..


You could see a hound, a gnoll (swift) and a goblin.

Vanquished Creatures
  A hound (D:4)
  A gnoll bouda (D:4)
  Jessica (D:2)
  An iguana (D:4)
  5 adders
  4 gnolls
  2 worms
  An orc (D:3)
  3 ball pythons
  8 bats
  8 endoplasms
  4 giant cockroaches
  5 goblins
  7 hobgoblins
  5 kobolds
  6 quokkas
  10 frilled lizards
  11 rats
83 creatures vanquished.

Vanquished Creatures (others)
  12 plants (D:2)
12 creatures vanquished.

Grand Total: 95 creatures vanquished

Notes
Turn   | Place    | Note
-------+----------+-------------------------------------------
     0 | D:1      | qw the Gargoyle Berserker began the quest for the Orb.
     0 | D:1      | Reached XP level 1. HP: 14/14 MP: 1/1
     0 | D:1      | 0 ||| qw: Version: 0.1-a-103-gd6f5d3a
     0 | D:1      | 0 ||| qw: Game counter: 5731
     0 | D:1      | 0 ||| qw: Always use a shield: true
     0 | D:1      | 0 ||| qw: Do Orc after D:15 true
     0 | D:1      | 0 ||| qw: Do second Lair branch before Depths: true
     0 | D:1      | 0 ||| qw: Lair rune preference: random
     0 | D:1      | 0 ||| qw: Plans: Normal
     0 | D:1      | 0 ||| PLANNING D:1-11
   195 | D:1      | Reached skill level 3 in Axes
   251 | D:1      | 251 ||| INVOKING Berserk.
   254 | D:1      | Reached XP level 2. HP: 14/19 MP: 2/2
   510 | D:1      | Noticed a great orb of eyes
   514 | D:1      | Noticed an eye of devastation
   516 | D:1      | Found a faded altar of an unknown god.
   519 | D:1      | Noticed a floating eye
   519 | D:1      | Noticed a great orb of eyes
   572 | D:1      | 572 ||| INVOKING Berserk.
   572 | D:1      | HP: 7/28 [kobold/+0 club (3)]
  1296 | D:1      | Reached XP level 3. HP: 19/23 MP: 3/3
  1356 | D:1      | 1356 ||| SWAPPING to +0 war axe.
  1366 | D:1      | 1366 ||| DROPPING +0 hand axe.
  1525 | D:1      | 1525 ||| UPGRADING to +0 pair of boots.
  1530 | D:1      | 1530 ||| UPGRADING to +0 scale mail.
  1540 | D:1      | 1540 ||| DROPPING +0 animal skin.
  1541 | D:1      | 1541 ||| READING scroll labelled TORAAL VATRA.
  1542 | D:1      | 1542 ||| READING scroll labelled ICUIKO QI SAPH.
  1543 | D:1      | 1543 ||| READING scroll labelled ZINYSK QANE.
  1582 | D:2      | Identified the +2 dagger of Tyaptargh {vorpal, rF+ rCorr}
  1594 | D:2      | 1594 ||| Stepping ~*~*~tactically~*~*~ (stealth).
  1621 | D:2      | Reached skill level 4 in Axes
  1846 | D:2      | Reached ** piety under Trog
  1931 | D:2      | 1931 ||| Stepping ~*~*~tactically~*~*~ (stealth).
  1933 | D:2      | 1933 ||| Stepping ~*~*~tactically~*~*~ (stealth).
  1935 | D:2      | Reached XP level 4. HP: 28/28 MP: 4/4
  1935 | D:2      | 1935 ||| Stepping ~*~*~tactically~*~*~ (stealth).
  1958 | D:2      | Identified the +9 broad axe of Annihilation {distort, rN+
                  | Str+2 SInv}
  1960 | D:2      | 1960 ||| DROPPING +9 broad axe of Annihilation {distort,
                  | rN+ Str+2 SInv}.
  1973 | D:2      | 1973 ||| Stepping ~*~*~tactically~*~*~ (stealth).
  1982 | D:2      | 1982 ||| Stepping ~*~*~tactically~*~*~ (stealth).
  2138 | D:2      | 2138 ||| Stepping ~*~*~tactically~*~*~ (stealth).
  2356 | D:2      | 2356 ||| DROPPING +0 club.
  2400 | D:2      | 2400 ||| INVOKING Berserk.
  2409 | D:2      | Reached skill level 5 in Axes
  2570 | D:2      | Noticed Jessica
  2571 | D:2      | 2571 ||| Stepping ~*~*~tactically~*~*~ (hiding).
  2574 | D:2      | Killed Jessica
  2575 | D:2      | Reached XP level 5. HP: 26/33 MP: 5/5
  2962 | D:2      | 2962 ||| DROPPING scarf of shadows.
  2963 | D:2      | 2963 ||| UPGRADING to +0 chain mail.
  2973 | D:2      | 2973 ||| DROPPING +0 scale mail.
  2974 | D:2      | 2974 ||| UPGRADING to +2 pair of gloves.
  2979 | D:2      | 2979 ||| UPGRADING to ring of willpower.
  2980 | D:2      | 2980 ||| READING scroll labelled RUNIOSI DOSI.
  2989 | D:3      | 2989 ||| STAIRDANCE
  3268 | D:3      | 3268 ||| READING scroll of enchant weapon.
  3268 | D:3      | 3268 ||| ENCHANTING +1 war axe.
  3490 | D:3      | Found a bloodstained altar of Trog.
  3539 | D:3      | Found a runed translucent door.
  3540 | D:3      | Noticed Crazy Yiuf
  3861 | D:3      | 3861 ||| READING scroll labelled UHUMAL MANNUN.
  3962 | D:3      | 3962 ||| READING scroll labelled ETILOH UTEO.
  3963 | D:3      | 3963 ||| DRINKING 3 lumpy silvery potions.
  3963 | D:3      | Gained mutation: You have supernaturally acute eyesight.
                  | (SInv) [potion of mutation]
  4016 | D:4      | 4016 ||| STAIRDANCE
  4124 | D:4      | 4124 ||| STAIRDANCE
  4341 | D:4      | 4341 ||| Stepping ~*~*~tactically~*~*~ (stealth).
  4387 | D:4      | Reached skill level 3 in Armour
  4629 | D:4      | Reached XP level 6. HP: 33/38 MP: 6/6
  4649 | D:4      | 4649 ||| Stepping ~*~*~tactically~*~*~ (stealth).
  4671 | D:4      | 4671 ||| Stepping ~*~*~tactically~*~*~ (hiding).
  4673 | D:4      | 4673 ||| Stepping ~*~*~tactically~*~*~ (hiding).
  4677 | D:4      | 4677 ||| INVOKING Berserk.
  4693 | D:4      | HP: 3/38 [gnoll/+0 spear[a gnoll bouda] (7)]
  4693 | D:4      | Slain by a hound

Levels and vault maps discovered:
D:1:      minmay_arrival_open_corners, layout_basic,
          hellmonk_ecumenical_altar_watching_god
D:2:      wad_woods_tower, layout_basic, minmay_pentomino_z2, uniq_jessica
D:3:      layout_basic, nicolae_overflow_crystal_walls, grunt_ministairs_9,
          minivault_27, uniq_crazy_yiuf_cottage
D:4:      layout_rooms, serial_shops, shop_statue

Skill      XL: |  1  2  3  4  5 |
---------------+----------------+-----
Axes           | 3 4 5 |  5.5
Fighting       | 4 |  4.0
Armour         | 3 |  3.0
Dodging        | |  1.5

Action                   |  1- 3 |  4- 6 || total
-------------------------+-------+-------++-------
Melee: Hand axe          |    66 |       ||    66
       War axe           |    55 |   153 ||   208
Invok: Berserk           |     2 |     2 ||     4
  Use: Scroll            |     3 |     4 ||     7
       Potion            |       |     1 ||     1
Armor: Animal skin       |    18 |       ||    18
       Scale mail        |    30 |    27 ||    57
       Chain mail        |       |    67 ||    67
Dodge: Dodged            |    67 |    76 ||   143

Table legend:
 A = Non-vault XP
 B = Vault XP
 C = Vault XP percentage of total XP
 D = Non-vault monster count
 E = Vault monster count
 F = Vault count percentage of total count
                 A         B        C        D         E       F
            +---------+---------+-------+---------+---------+-------
      Total |     320 |      80 |  20.0 |      72 |      11 |  13.3
            +---------+---------+-------+---------+---------+-------
        D:1 |      42 |       0 |   0.0 |      27 |       0 |   0.0
        D:2 |      80 |      78 |  49.4 |      19 |      10 |  34.5
        D:3 |      26 |       2 |   7.1 |      15 |       1 |   6.2
        D:4 |     172 |       0 |   0.0 |      11 |       0 |   0.0
            +---------+---------+-------+---------+---------+-------
